 Dungeon Crawl Stone Soup version 0.31-a0-237-g2d982f9f85 (webtiles) character file.

Game seed: 10794988489525155912

48 qw the Shooter (level 3, -4/21 HPs)
             Began as a Gargoyle Hexslinger on July 10, 2023.
             Slain by a goblin
             ... wielding a +0 dagger
             ... led by Robin
              (5 damage)
             ... on level 2 of the Dungeon.
             The game lasted 00:00:24 (910 turns).

qw the Shooter (Gargoyle Hexslinger)                 Turns: 910, Time: 00:00:24

Health: -4/21      AC:  6    Str: 11    XL:     3   Next: 72%
Magic:  4/4        EV: 11    Int: 13    God:
Gold:   47         SH:  0    Dex: 14    Spells: 3/4 levels left

rFire   . . .        Y - +1 sling
rCold   . . .        (no shield)
rNeg    + . .        f - +0 leather armour
rPois   inf          (no helmet)
rElec   +            (no cloak)
rCorr   .            (no gloves)
SInv    .            (no boots)
Will    .....        (no amulet)
Stlth   +            (no ring)
HPRegen 0.23/turn    (no ring)
MPRegen 0.09/turn

%: no passive effects
@: no status effects
A: sickness immunity, AC +3, negative energy resistance 1, electricity
resistance, torment resistance 1, petrification resistance
a: no special abilities


You were on level 2 of the Dungeon.
You visited 1 branch of the dungeon, and saw 2 of its levels.

You collected 47 gold pieces.


Innate Abilities, Weirdness & Mutations

You are immune to sickness and miasma.
Your stone body is resilient. (AC +3)
You are immune to poison.
You resist negative energy. (rN+)
You are resistant to electric shocks. (rElec)
You are resistant to unholy torment.
You are immune to petrification.


   Skills:
 - Level 2.0 Fighting
 + Level 3.6 Ranged Weapons
 - Level 1.5 Dodging
 - Level 1.0 Spellcasting
 - Level 2.6 Hexes


You had 3 spell levels left.
You knew the following spells:

 Your Spells              Type           Power      Damage    Failure   Level
a - Slow                  Hex            28%        N/A       12%         1

Your spell library contained the following spells:

 Spells                   Type           Power      Damage    Failure   Level
 Inner Flame              Hex/Fire       4%         N/A       54%         3
 Portal Projectile        Hex/Tloc       8%         N/A       54%         3
 Cause Fear               Hex            3%         N/A       77%         4

Inventory:

Hand Weapons
 Y - a +1 sling (weapon)
Armour
 f - a +0 leather armour (worn)
Scrolls
 g - 2 scrolls of identify
Potions
 a - a potion of haste {unknown}
 d - a potion of ambrosia {unknown}

Dungeon Overview and Level Annotations

Branches:
Dungeon (2/15)

Altars:

Annotations:
D:2 Robin


Message History

You shoot a sling bullet.
The sling bullet closely misses the hobgoblin.
The sling bullet hits Robin.
Robin is lightly wounded.
The hobgoblin hits you but does no damage.
You shoot a sling bullet. The goblin shouts!
The sling bullet hits Robin.
Robin is moderately wounded.
You hear a shout!
The hobgoblin hits you but does no damage.
A frilled lizard comes into view.
The kobold hits you with a +0 short sword.
Robin barely misses you.
You shoot a sling bullet. The frilled lizard hisses angrily.
The sling bullet hits Robin.
Robin is heavily wounded.
You hear a shout!
The hobgoblin barely misses you. The kobold closely misses you.
Robin misses you. The hobgoblin hits you. The hobgoblin barely misses you.
The kobold hits you with a +0 short sword.
You shoot a sling bullet.
The sling bullet barely misses the hobgoblin.
The hobgoblin hits you. The kobold hits you but does no damage.
The hobgoblin hits you but does no damage.
Robin barely misses you.
You shoot a sling bullet.
The sling bullet completely misses the hobgoblin.
The hobgoblin hits you. The kobold hits you but does no damage.
The hobgoblin hits you.
You shoot a sling bullet. The sling bullet hits the hobgoblin.
You kill the hobgoblin!
Robin throws the goblin at you! The hobgoblin hits you.
The goblin closely misses you.
The kobold hits you with a +0 short sword.
You shoot a sling bullet. The sling bullet hits Robin.
Robin is heavily wounded.
The hobgoblin completely misses you. The goblin hits you with a +0 dagger.
You die...

#.#.#..#.# #.#.###.#
#.#.#..#.###..<....#
.######.....)....)##.#####
........#.#.#.###.##.#
...8............)....#
........#.#.#..##.####
.######.......###)#
#.#.#.#.###g####).
#........K@gg.ggl.
#.#.#.#.###g###g..
#......## #.# #.#.#.## #.#
#...[..# .. ###.# ## .#
#.. .. ## .#


You could see Robin, a hobgoblin (strong), 5 goblins, a kobold and a frilled
lizard.

Vanquished Creatures
  2 dart slugs (D:1)
  A ball python (D:1)
  4 bats (D:1)
  5 endoplasms (D:1)
  2 giant cockroaches (D:1)
  5 goblins
  6 hobgoblins
  5 kobolds
  A quokka (D:1)
  2 frilled lizards (D:1)
  5 rats (D:1)
38 creatures vanquished.

Notes
Turn   | Place    | Note
-------+----------+-------------------------------------------
     0 | D:1      | qw the Gargoyle Hexslinger began the quest for the Orb.
     0 | D:1      | Reached XP level 1. HP: 12/12 MP: 2/2
     0 | D:1      | 0 ||| qw: Version: 0.3-a-52-g30416fa
     0 | D:1      | 0 ||| qw: Game counter: 5026
     0 | D:1      | 0 ||| qw: Melee chars always use a shield: true
     0 | D:1      | 0 ||| qw: God list: Okawaru
     0 | D:1      | 0 ||| qw: Allow faded altars: false
     0 | D:1      | 0 ||| qw: Do Orc after clearing Dungeon:15 true
     0 | D:1      | 0 ||| qw: Do second Lair branch before Depths: true
     0 | D:1      | 0 ||| qw: Lair rune preference: random
     0 | D:1      | 0 ||| qw: Goals: Normal
     0 | D:1      | 0 ||| PLANNING D:1-11
   121 | D:1      | Reached XP level 2. HP: 16/16 MP: 3/3
   353 | D:1      | Reached skill level 3 in Ranged Weapons
   385 | D:1      | Reached XP level 3. HP: 17/21 MP: 4/4
   789 | D:1      | 789 ||| UPGRADING to +0 leather armour.
   799 | D:1      | 799 ||| DROPPING +0 robe.
   800 | D:1      | 800 ||| READING 2 scrolls labelled JOUCIE KUNOIR.
   801 | D:1      | 801 ||| READING 2 scrolls labelled PIMYTE IRAUR.
   802 | D:1      | 802 ||| READING scroll labelled JAETHI EMOIMP.
   803 | D:1      | 803 ||| DROPPING scroll of noise.
   804 | D:1      | 804 ||| DROPPING scroll of poison.
   898 | D:2      | Noticed Robin
   909 | D:2      | HP: 2/21 [hobgoblin[Robin] (5)]
   910 | D:2      | Slain by a goblin

Levels and vault maps discovered:
D:1:      dpeg_arrival_connections, layout_basic, minivault_14,
          minmay_surrounded
D:2:      layout_loops_cross, hex_medium, st_stairs_13,
          nicolae_elevator_lobby_plus, uniq_robin

Skill      XL: |  1  2  3 |
---------------+----------+-----
Ranged Weapons | 3 |  3.6
Fighting       | 2 |  2.0
Dodging        | |  1.5
Spellcasting   | |  1.0
Hexes          | |  2.6

Action                     || total
---------------------------++-------
   Fire: Sling             ||   108
    Use: Scroll            ||     3
 Armour: Robe              ||    12
         Leather armour    ||     7
  Dodge: Dodged            ||    36

Table legend:
 A = Non-vault XP
 B = Vault XP
 C = Vault XP percentage of total XP
 D = Non-vault monster count
 E = Vault monster count
 F = Vault count percentage of total count
                 A         B        C        D         E       F
            +---------+---------+-------+---------+---------+-------
      Total |      49 |      20 |  29.0 |      27 |      11 |  28.9
            +---------+---------+-------+---------+---------+-------
        D:1 |      46 |      12 |  20.7 |      25 |       7 |  21.9
        D:2 |       3 |       8 |  72.7 |       2 |       4 |  66.7
            +---------+---------+-------+---------+---------+-------
